 Dungeon Crawl Stone Soup version 0.30.1-11-g7821555f0a (webtiles) character file.

Game seed: 8192864417425304822

256613 Hawk2023 the Peltast (level 19, -61/128 (155) HPs)
             Began as a Gnoll Fighter on Nov 18, 2023.
             Was the Champion of Qazlal.
             Killed from afar by an ancient lich (66 damage)
             ... with a crystal spear
             ... on level 2 of the Depths on Nov 19, 2023.
             The game lasted 03:58:21 (39496 turns).

Hawk2023 the Peltast (Gnoll Fighter)               Turns: 39496, Time: 03:58:21

HP:   -61/128 (155) AC: 27    Str: 19    XL:     19   Next: 81%
MP:   12/12         EV: 17    Int: 12    God:    Qazlal [******]
Gold: 1783          SH: 23    Dex: 15    Spells: 25/45 levels left

rFire   + . .        a - +5 demon whip "Spellbinder" {antimagic, disrupt, Will+}
rCold   + . .        g - +2 kite shield {AC+3}
rNeg    + . .        G - +0 swamp dragon scales
rPois   +            Q - +2 helmet {Int+3}
rElec   .            A - scarf {rC+ rF+}
rCorr   .            s - +3 pair of gauntlets of War {Slay+5}
SInv    .            x - +0 pair of boots
Will    ++...        h - amulet of magic regeneration
Stlth   ++           T - ring of positive energy
HPRegen 0.41/turn    I - +4 ring of protection
MPRegen 0.53/turn

%: repel missiles
@: protected from physical damage, corroded, heavily drained
A: fangs 1, strong nose, distributed training
}: 2/15 runes: decaying, gossamer
a: Renounce Religion, Upheaval, Elemental Force, Disaster Area


You were on level 2 of the Depths.
You worshipped Qazlal.
Qazlal was exalted by your worship.
You visited 7 branches of the dungeon, and saw 33 of its levels.
You visited 1 bazaar.
You also visited: Gauntlet.

You collected 3447 gold pieces.
You spent 1664 gold pieces at shops.

Inventory:

Hand Weapons
 a - the +5 demon whip "Spellbinder" (weapon) {antimagic, disrupt, Will+}
   (You found it on level 8 of the Dungeon)

   Will:      It increases your willpower.
 b - the +11 Singing Sword {sonic wave}
   (You found it on level 4 of the Dungeon)
 H - the +3 war axe "Kuidwok" {heavy, rF+ Will+ Int+2}
   (You found it on level 5 of the Lair of Beasts)

   Int:       It affects your intelligence (+2).
   rF:        It protects you from fire.
   Will:      It increases your willpower.
Missiles
 Y - 6 silver javelins (quivered)
Armour
 g - a +2 kite shield of protection (worn)
 m - a +2 plate armour of fire resistance
 s - the +3 pair of gauntlets of War (worn) {Slay+5}
   (You found it on level 12 of the Dungeon)

   Slay:      It affects your accuracy & damage with ranged weapons and melee
   (+5).
 w - a +0 cloak of willpower
 x - a +0 pair of boots (worn)
 A - a scarf of resistance (worn)
 D - +2 storm dragon scales {Bai Suzhen}
 G - +0 swamp dragon scales (worn)
 L - +0 fire dragon scales
 Q - a +2 helmet of intelligence (worn)
Jewellery
 h - an amulet of magic regeneration (around neck)
 i - a ring of resist corrosion
 k - a ring of protection from cold
 y - a ring of wizardry
 I - a +4 ring of protection (right hand)
 T - a ring of positive energy (left hand)
Wands
 u - a wand of quicksilver (16)
 B - a wand of digging (12)
 C - a wand of charming (13)
 P - a wand of mindburst (28)
 R - a wand of roots (25)
 W - a wand of flame (4)
Scrolls
 f - 5 scrolls of identify
 n - 5 scrolls of fog
 o - 10 scrolls of fear
 p - 2 scrolls of amnesia
 r - 3 scrolls of immolation
 v - 10 scrolls of blinking
 J - 5 scrolls of magic mapping
 K - a scroll of brand weapon
 O - 4 scrolls of poison
 S - a scroll of enchant weapon
 V - 11 scrolls of teleportation
 Z - a scroll of silence
Potions
 c - 3 potions of invisibility
 d - 5 potions of might
 e - 3 potions of magic
 j - 5 potions of resistance
 l - a potion of heal wounds
 q - 7 potions of curing
 t - 5 potions of lignification
 z - 5 potions of brilliance
 E - 5 potions of flight
 F - 4 potions of ambrosia
 X - 3 potions of cancellation
Miscellaneous
 M - a lightning rod (4/4)
 N - a phantom mirror
 U - a phial of floods


   Skills:
 + Level 15.1 Fighting
 + Level 13.8 Short Blades
 + Level 13.8 Long Blades
 + Level 14.4 Axes
 + Level 13.8 Maces & Flails
 + Level 13.8 Polearms
 + Level 13.8 Staves
 + Level 13.8 Ranged Weapons
 + Level 13.8 Throwing
 + Level 15.1 Armour
 + Level 13.8 Dodging
 + Level 13.8 Stealth
 + Level 15.1 Shields
 + Level 13.8 Unarmed Combat
 + Level 13.8 Spellcasting
 + Level 11.7 Conjurations
 + Level 11.7 Hexes
 + Level 11.7 Summonings
 + Level 11.7 Necromancy
 + Level 11.7 Translocations
 + Level 11.7 Transmutations
 + Level 11.7 Fire Magic
 + Level 11.7 Ice Magic
 + Level 11.7 Air Magic
 + Level 11.7 Earth Magic
 + Level 11.7 Poison Magic
 + Level 14.9 Invocations
 + Level 13.8 Evocations


You had 25 spell levels left.
You knew the following spells:

 Your Spells              Type           Power      Damage    Failure   Level
a - Blink                 Tloc           72%        N/A       1%          2
b - Slow                  Hex            100%       N/A       1%          1
c - Swiftness             Air            36%        N/A       1%          3
d - Confusing Touch       Hex            36%        N/A       1%          3
e - Summon Small Mammal   Summ           100%       N/A       1%          1
f - Call Imp              Summ           72%        N/A       1%          2
g - Call Canine Familiar  Summ           36%        N/A       1%          3
h - Yara's Violent Unrav  Hex/Tmut       18%        3d9       4%          5

Your spell library contained the following spells:

 Spells                   Type           Power      Damage    Failure   Level
 Beastly Appendage        Tmut           72%        N/A       1%          1
 Freeze                   Ice            100%       1d10      1%          1
 Magic Dart               Conj           100%       1d8       1%          1
 Sandblast                Erth           72%        2d16      1%          1
 Shock                    Conj/Air       100%       1d9       1%          1
 Ensorcelled Hibernation  Hex/Ice        72%        N/A       1%          2
 Lesser Beckoning         Tloc           72%        N/A       1%          2
 Momentum Strike          Conj/Tloc      72%        3d10      1%          2
 Passwall                 Tmut/Erth      30%        N/A       1%          2
 Scorch                   Fire           72%        2d8       1%          2
 Wereblood                Tmut           36%        N/A       1%          2
 Frozen Ramparts          Ice            72%        1d11      1%          3
 Hailstorm                Conj/Ice       36%        3d9       1%          3
 Inner Flame              Hex/Fire       36%        N/A       1%          3
 Mephitic Cloud           Conj/Pois/Air  36%        N/A       1%          3
 Portal Projectile        Hex/Tloc       72%        N/A       1%          3
 Spider Form              Tmut/Pois      36%        N/A       1%          3
 Stone Arrow              Conj/Erth      72%        3d11      1%          3
 Summon Guardian Golem    Hex/Summ       36%        N/A       1%          3
 Tukima's Dance           Hex            36%        N/A       1%          3
 Vampiric Draining        Necr           36%        2d8       1%          3
 Vhi's Electric Charge    Tloc/Air       72%        N/A       1%          3
 Airstrike                Air            18%        2d(3-19)  1%          4
 Anguish                  Hex/Necr       18%        N/A       1%          4
 Flame Wave               Conj/Fire      36%        2d10      1%          4
 Manifold Assault         Tloc           36%        N/A       1%          4
 Passage of Golubria      Tloc           36%        N/A       1%          4
 Petrify                  Tmut/Erth      36%        N/A       1%          4
 Alistair's Intoxication  Tmut/Pois      24%        N/A       4%          5
 Arcjolt                  Conj/Air       18%        1d28      4%          5
 Blade Hands              Tmut           18%        N/A       4%          5
 Borgnjor's Vile Clutch   Necr/Erth      18%        N/A       4%          5
 Fireball                 Conj/Fire      18%        3d9       4%          5
 Metabolic Englaciation   Hex/Ice        18%        N/A       4%          5
 Summon Forest            Summ/Tloc      18%        N/A       4%          5
 Summon Mana Viper        Hex/Summ       36%        N/A       4%          5
 Eringya's Noxious Bog    Tmut/Pois      18%        N/A       24%         6
 Statue Form              Tmut/Erth      24%        N/A       24%         6
 Summon Cactus Giant      Summ           18%        N/A       24%         6
 Malign Gateway           Summ/Tloc      18%        N/A       78%         7
 Storm Form               Tmut/Air       18%        N/A       78%         7
 Maxwell's Capacitive Co  Air            18%        ∞         100%        8
 Summon Horrible Things   Summ           18%        N/A       100%        8


Dungeon Overview and Level Annotations

Branches:
Dungeon (15/15)            Temple (1/1) D:4            Lair (5/5) D:9
  Swamp (4/4) Lair:3       Spider (4/4) Lair:3        Slime (0/5) Lair:4
    Orc (2/2) D:11            Elf (0/3) Orc:2        Vaults (0/5) D:14
 Depths (2/4) D:15        Gauntlet (visited)

Altars:
Ashenzari
Cheibriados
Dithmenos
Elyvilon
Fedhas
Gozag
Hepliaklqana
Kikubaaqudgha
Makhleb
Nemelex Xobeh
Okawaru
Qazlal
Ru
Sif Muna
Trog
Uskayaw
Vehumet
Wu Jian
Xom
Yredelemnul
Zin
The Shining One

Shops:
D:3 :   D:12 (?![   Orc:1 :*[   Orc:2 ![(=   Depths:1 *

Portals:
Hell: Depths:1
Pandemonium: Depths:1
Ziggurat: Depths:1


Innate Abilities, Weirdness & Mutations

You have very sharp teeth.
Your uncanny sense of smell can sniff out nearby items.
Your experience applies equally to all skills.


Message History

The shadow dragon bites you but does no damage.
The shadow dragon claws you but does no damage.
The shadow dragon barely misses you.
You turn to flesh and can move again.
The shadow dragon breathes negative energy at you.
The bolt of negative energy hits you!! You partially resist.
You feel drained.
* * * LOW HITPOINT WARNING * * *
Something touches you but does no damage.
Okay, then.
Blink to where?
Press: ? - help, Dir - move target
As you read the scroll of blinking, it crumbles to dust.
You hear a shout!
Your protection from physical attacks is fading.
You feel less protected from physical attacks.
You hear some strange, mumbled words.
The ancient lich casts a spell.
The ancient lich flickers and vanishes!
You hear some strange, mumbled words.
Something tries to affect you, but you resist.
Something touches you!
* * * LOW HITPOINT WARNING * * *
You partially resist.
You feel drained.
You hear some strange, mumbled words.
A crystal spear appears from out of thin air!
The crystal spear hits you!!
You feel protected from physical attacks.
* * * LOW HITPOINT WARNING * * *
You feel much better.
You hear some strange, mumbled words.
A bolt of acid appears from out of thin air!
The bolt of acid hits you!
* * * LOW HITPOINT WARNING * * *
The acid corrodes you!
You completely miss something.
You hear some strange, mumbled words.
A crystal spear appears from out of thin air!
The crystal spear hits you!!!
Ouch! That really hurt!
You die...

........##+####...+
########..........#
#..#
.#######..####....#
#..#
.).....'..#≈≈#....#
∆ ..##
.#######..#≈≈#....#
∆ ∆ ... .#
#..####...## #..∆ )#
#.......○.# #.## .#
#######'#.#∆ #######
∆#.## .#
#.#@####.....####).'
..
#.#.{.............##
##
#.#############..###
.. #....## ..
#.##.## ... #.##
#.#.. #.# #.##. #.#
#....##.##


There were no monsters in sight!

Vanquished Creatures
  Bai Suzhen (Swamp:4)
  2 tentacled monstrosities
  A lich (Depths:1)
  A tengu reaver (Depths:1)
  4 thorn hunters
  Roxanne (Swamp:4)
  3 fire giants (Depths:1)
  A balrug (Depths:1)
  3 emperor scorpions
  Louise (D:14)
  3 broodmothers
  5 ghost moths (Spider:4)
  A juggernaut skeleton (Depths:2)
  An orc warlord (Orc:2)
  7 stone giants
  A very ugly thing (Depths:2)
  3 vampire knights
  Nessos (D:12)
  2 eleionomae (Swamp:4)
  3 bunyips
  A lorocyproca (Depths:1)
  A minotaur (Gauntlet)
  2 spark wasps (Depths:1)
  3 ettins
  A fire dragon (Depths:1)
  A shambling mangrove (Swamp:4)
  2 entropy weavers
  2 rakshasas (Depths:1)
  4 vault guards (D:14)
  An ice dragon (D:15)
  6 catoblepae
  2 jorogumos
  15 hydras
  6 spriggan air magi
  11 centaur warriors
  A radroach (Spider:3)
  4 two-headed ogres
  8 boulder beetles
  A death knight (D:14)
  A ghost crab (Swamp:1)
  4 alligators
  2 tengu warriors
  21 death yaks
  2 deep troll shamans
  Urug (D:11)
  3 orc high priests (Orc:2)
  4 spriggan berserkers
  A vampire mage (Depths:1)
  A sun demon (Depths:1)
  3 hell knights (Depths:1)
  A skyshark (Lair:4)
  9 pharaoh ants
  2 sun moths
  5 goliath frogs
  A sixfirhy (Depths:1)
  An iron troll (Depths:1)
  8 swamp dragons
  A glowing orange brain (Depths:1)
  5 spriggan druids
  7 deep trolls
  A death drake (Swamp:4)
  7 orb spiders
  A flayed ghost (Depths:1)
  5 spectral hydras (Swamp:4)
  16 steelbarb worms
  3 orc knights
  2 lindwurms
  5 necromancers
  A wizard (D:15)
  4 bog bodies
  2 deep elf zephyrmancers (D:15)
  4 oklob plants
  7 orc sorcerers
  3 deep elf pyromancers (D:12)
  A tengu skeleton (Depths:2)
  A cyclops (shapeshifter) (D:12)
  4 cyclopes
  24 ugly things
  21 wolf spiders
  4 manticores
  3 will-o-the-wisps
  5 moths of wrath
  2 centaur zombies (D:15)
  5 demonic crawlers
  A rust devil (Depths:1)
  6 elephants
  A naga mage (D:15)
  An eye of devastation (shapeshifter) (Depths:1)
  A centaur skeleton (D:15)
  3 black mambas (Lair:4)
  A smoke demon (Depths:1)
  Maggie (D:8)
  8 torpor snails
  A kobold demonologist (D:11)
  3 unseen horrors
  6 cane toads
  3 komodo dragons
  6 tengu conjurers
  2 rime drakes (Lair:4)
  3 freezing wraiths
  A red devil (Depths:1)
  2 death drake zombies (Swamp:4)
  12 tyrant leeches
  A bloated husk (Swamp:3)
  2 polar bears
  4 hydra zombies (Swamp:4)
  11 meliai
  19 tarantellas
  15 hornets
  11 trolls
  10 blink frogs
  A death drake skeleton (Swamp:4)
  16 slime creatures
  20 culicivoras
  23 jumping spiders
  2 centaur simulacra (D:14)
  5 wraiths
  15 spriggans
  4 basilisks
  A water elemental (D:11)
  3 wyverns
  2 steam dragons (D:7)
  73 yaks
  A vampire (D:12)
  68 redbacks
  15 vampire mosquitoes
  19 swamp worms
  2 wargs
  An acid dragon (Gauntlet)
  A harpy simulacrum (D:15)
  Edmund (D:6)
  A hydra simulacrum (Swamp:4)
  10 water moccasins
  7 swamp drakes
  2 sky beasts
  3 black bears
  2 ice beasts (D:6)
  34 orc warriors
  8 ogres
  2 swamp dragon zombies (Swamp:4)
  18 wolves
  A phantom (D:5)
  A swamp dragon skeleton (Swamp:4)
  24 centaurs
  13 bullfrogs
  A kobold brigand (D:10)
  2 gnoll sergeants
  5 scorpions
  7 wights
  3 killer bees (D:7)
  2 vampire bats (D:10)
  4 howler monkeys
  6 electric eels
  3 lava snakes
  3 hounds
  23 orc priests
  A gnoll bouda (D:6)
  8 jellies
  2 iguanas
  37 orc wizards
  A boggart simulacrum (D:15)
  14 adders
  14 gnolls
  A shadow imp (D:7)
  3 white imps
  2 ufetubi (D:5)
  3 worms
  2 dart slugs (D:2)
  132 orcs
  12 bats
  12 endoplasms
  4 giant cockroaches
  7 goblins
  4 hobgoblins
  3 jackals
  6 quokkas
  9 ball pythons
  5 frilled lizards
  11 kobolds
  7 rats
1224 creatures vanquished.

Vanquished Creatures (collateral kills)
  A meliai (Spider:4)
1 creature vanquished.

Vanquished Creatures (others)
  A tyrant leech (Swamp:3)
  A bloated husk (Swamp:2)
  A vampire mosquito (Swamp:2)
  A swamp worm (Swamp:3)
  An orc warrior (Orc:1)
  2 orcs
  14 foxfires
21 creatures vanquished.

Grand Total: 1246 creatures vanquished

Notes
Turn   | Place    | Note
-------+----------+-------------------------------------------
     0 | D:1      | Hawk2023 the Gnoll Fighter began the quest for the Orb.
     0 | D:1      | Reached XP level 1. HP: 23/23 MP: 1/1
    86 | D:1      | Reached XP level 2. HP: 27/29 MP: 2/2
   306 | D:1      | Reached XP level 3. HP: 35/35 MP: 3/3
   696 | D:2      | Reached skill level 1 in Invocations
   802 | D:2      | Reached skill level 1 in Short Blades
   802 | D:2      | Reached skill level 1 in Long Blades
   802 | D:2      | Reached skill level 1 in Maces & Flails
   802 | D:2      | Reached skill level 1 in Polearms
   802 | D:2      | Reached skill level 1 in Staves
   802 | D:2      | Reached skill level 1 in Ranged Weapons
   802 | D:2      | Reached skill level 1 in Throwing
   802 | D:2      | Reached skill level 1 in Dodging
   802 | D:2      | Reached skill level 1 in Stealth
   802 | D:2      | Reached skill level 1 in Unarmed Combat
   802 | D:2      | Reached skill level 1 in Spellcasting
   802 | D:2      | Reached skill level 1 in Evocations
   806 | D:2      | Reached XP level 4. HP: 33/41 MP: 5/5
  1140 | D:2      | Reached skill level 1 in Conjurations
  1140 | D:2      | Reached skill level 1 in Hexes
  1140 | D:2      | Reached skill level 1 in Summonings
  1140 | D:2      | Reached skill level 1 in Necromancy
  1140 | D:2      | Reached skill level 1 in Translocations
  1140 | D:2      | Reached skill level 1 in Transmutations
  1140 | D:2      | Reached skill level 1 in Fire Magic
  1140 | D:2      | Reached skill level 1 in Ice Magic
  1140 | D:2      | Reached skill level 1 in Air Magic
  1140 | D:2      | Reached skill level 1 in Earth Magic
  1140 | D:2      | Reached skill level 1 in Poison Magic
  1545 | D:3      | You fall into a shaft and drop 2 floors!
  1545 | D:5      | Entered Level 5 of the Dungeon
  1605 | D:5      | HP: 2/40 [orc priest/+1 mace of draining (9)]
  1608 | D:5      | Reached XP level 5. HP: 2/47 MP: 5/7
  2138 | D:4      | Reached skill level 5 in Axes
  2138 | D:4      | Reached XP level 6. HP: 28/53 MP: 8/8
  2234 | D:4      | Found a staircase to the Ecumenical Temple.
  2257 | Temple   | Entered the Ecumenical Temple
  2392 | Temple   | Became a worshipper of Qazlal Stormbringer
  2612 | D:4      | Identified the +9 sling of Ash {heavy, Contam rElec rPois
                  | rCorr}
  2987 | D:3      | Found Qoacom's Book Shoppe.
  3060 | D:3      | Identified the +6 spear of the Sage {distort, *Corrode
                  | Int+5}
  3387 | D:4      | Reached XP level 7. HP: 51/60 MP: 10/10
  3574 | D:4      | Reached * piety under Qazlal
  3595 | D:4      | Found the +11 Singing Sword {sonic wave}
  3632 | D:4      | Identified the +5 rapier "Haxzaan" {holy, Dex+5}
  4191 | D:4      | Found a shadowy altar of Dithmenos.
  4192 | D:4      | Found a shimmering blue altar of Sif Muna.
  4192 | D:4      | Found a sacrificial altar of Ru.
  4475 | D:5      | Reached XP level 8. HP: 67/67 MP: 12/12
  5064 | D:6      | Reached ** piety under Qazlal
  5395 | D:6      | Noticed Edmund
  5403 | D:6      | Killed Edmund
  5681 | D:6      | Reached XP level 9. HP: 73/73 MP: 13/15
  6221 | D:7      | Reached skill level 5 in Invocations
  6275 | D:7      | Reached *** piety under Qazlal
  6843 | D:8      | Noticed a two-headed ogre
  6848 | D:8      | Killed a two-headed ogre
  6849 | D:8      | Reached skill level 5 in Short Blades
  6849 | D:8      | Reached skill level 5 in Long Blades
  6849 | D:8      | Reached skill level 5 in Maces & Flails
  6849 | D:8      | Reached skill level 5 in Polearms
  6849 | D:8      | Reached skill level 5 in Staves
  6849 | D:8      | Reached skill level 5 in Ranged Weapons
  6849 | D:8      | Reached skill level 5 in Throwing
  6849 | D:8      | Reached skill level 5 in Dodging
  6849 | D:8      | Reached skill level 5 in Stealth
  6849 | D:8      | Reached skill level 5 in Unarmed Combat
  6849 | D:8      | Reached skill level 5 in Spellcasting
  6849 | D:8      | Reached skill level 5 in Evocations
  6849 | D:8      | Reached XP level 10. HP: 60/81 MP: 17/17
  6855 | D:8      | Noticed Maggie
  6864 | D:8      | Killed Maggie
  7305 | D:8      | Found a snail-covered altar of Cheibriados.
  7318 | D:8      | Found a burning altar of Makhleb.
  7318 | D:8      | Found a bloodstained altar of Trog.
  7336 | D:8      | Killed an unseen horror
  7971 | D:8      | Found a runed translucent door.
  7976 | D:8      | Found the +5 demon whip "Spellbinder" {antimagic, disrupt,
                  | Will+}
  7986 | D:8      | Found a runed translucent gate.
  7987 | D:8      | Noticed a boulder beetle
  7988 | D:8      | Found a runed translucent gate.
  7988 | D:8      | Identified the +0 hat of the Depths {Harm Will- Slay+6}
  7990 | D:8      | Found a runed translucent gate.
  7990 | D:8      | Found a runed translucent gate.
  7990 | D:8      | Found a runed translucent gate.
  7990 | D:8      | Noticed a lindwurm
  7992 | D:8      | Found a runed translucent gate.
  8018 | D:8      | Killed a boulder beetle
  8124 | D:8      | Killed a lindwurm
  8252 | D:9      | Reached skill level 5 in Conjurations
  8252 | D:9      | Reached skill level 5 in Hexes
  8252 | D:9      | Reached skill level 5 in Summonings
  8252 | D:9      | Reached skill level 5 in Necromancy
  8252 | D:9      | Reached skill level 5 in Translocations
  8252 | D:9      | Reached skill level 5 in Transmutations
  8252 | D:9      | Reached skill level 5 in Fire Magic
  8252 | D:9      | Reached skill level 5 in Ice Magic
  8252 | D:9      | Reached skill level 5 in Air Magic
  8252 | D:9      | Reached skill level 5 in Earth Magic
  8252 | D:9      | Reached skill level 5 in Poison Magic
  8252 | D:9      | Reached XP level 11. HP: 89/89 MP: 18/20
  8286 | D:9      | Reached **** piety under Qazlal
  8484 | D:9      | Found a white marble altar of Elyvilon.
  8548 | D:9      | Found a basalt altar of Yredelemnul.
  8704 | D:9      | Learned a level 2 spell: Blink
  8758 | D:9      | Found an ornate altar of the Wu Jian Council.
  8821 | D:9      | Found a staircase to the Lair.
  8854 | D:10     | Entered Level 10 of the Dungeon
  9436 | Lair:1   | Entered Level 1 of the Lair of Beasts
  9673 | Lair:1   | Noticed a death yak
  9675 | Lair:1   | Noticed a death yak
  9675 | Lair:1   | Noticed a death yak
  9675 | Lair:1   | Noticed a death yak
  9676 | Lair:1   | Noticed a death yak
  9676 | Lair:1   | Noticed a death yak
  9690 | Lair:1   | Killed a death yak
  9694 | Lair:1   | Killed a death yak
  9697 | Lair:1   | Killed a death yak
  9698 | Lair:1   | Reached XP level 12. HP: 61/97 MP: 22/22
  9702 | Lair:1   | Killed a death yak
  9710 | Lair:1   | Killed a death yak
  9870 | Lair:1   | Killed a death yak
  9995 | Lair:1   | Reached skill level 10 in Fighting
  9995 | Lair:1   | Reached skill level 10 in Armour
  9995 | Lair:1   | Reached skill level 10 in Shields
 10156 | Lair:1   | Found a shimmering altar of Xom.
 10373 | Lair:2   | Noticed a catoblepas
 10388 | Lair:2   | HP: 2/97 [catoblepas/blast of calcifying dust (4)]
 10390 | Lair:2   | Killed a catoblepas
 10666 | Lair:2   | Noticed a death yak
 10674 | Lair:2   | Killed a death yak
 10674 | Lair:2   | Reached ***** piety under Qazlal
 11697 | Lair:3   | Noticed a five-headed hydra
 11707 | Lair:3   | Killed an eight-headed hydra
 11998 | Lair:3   | Found a hole to the Spider Nest.
 12323 | Lair:3   | Found a staircase to the Swamp.
 12901 | Lair:4   | Reached XP level 13. HP: 87/104 MP: 25/25
 12923 | Lair:4   | Found a staircase to the Slime Pits.
 13079 | Lair:4   | Learned a level 1 spell: Slow
 13836 | Lair:5   | Entered Level 5 of the Lair of Beasts
 14077 | Lair:4   | HP: 1/105 [death yak (16)]
 14647 | Lair:5   | Identified the +3 war axe "Kuidwok" {heavy, rF+ Will+
                  | Int+2}
 14669 | Lair:5   | Reached skill level 10 in Axes
 15118 | Lair:5   | Reached XP level 14. HP: 91/113 MP: 27/27
 15216 | Lair:5   | Reached skill level 10 in Invocations
 16069 | Lair:5   | Reached ****** piety under Qazlal
 17017 | D:11     | Noticed Urug
 17030 | D:11     | Killed Urug
 17185 | D:11     | Found a staircase to the Orcish Mines.
 17625 | D:12     | Found Ruupugow's Distillery.
 17643 | D:12     | Bought a potion of heal wounds for 70 gold pieces
 17643 | D:12     | Bought 2 potions of heal wounds for 140 gold pieces
 17753 | D:12     | Identified the +5 war axe of Awkwardness {elec, SInv}
 17769 | D:12     | Noticed Nessos
 17788 | D:12     | Killed Nessos
 18333 | D:12     | Found Zowief's Antique Armour Shoppe.
 18348 | D:12     | Bought a heavily runed leather armour for 245 gold pieces
 18348 | D:12     | Identified the +2 leather armour of Greed {-Cast Will+
                  | Dex+4} (You bought it in a shop on level 12 of the Dungeon)
 18348 | D:12     | Bought a helmet for 157 gold pieces
 18357 | D:12     | Learned a level 3 spell: Swiftness
 18361 | D:12     | Learned a level 3 spell: Confusing Touch
 18402 | D:12     | Found Lacei's Weapon Shoppe.
 18418 | D:12     | Found Zaph's Magic Scroll Shoppe.
 18423 | D:12     | Bought a scroll of blinking for 105 gold pieces
 18423 | D:12     | Bought a scroll of teleportation for 42 gold pieces
 18423 | D:12     | Bought a scroll of identify for 28 gold pieces
 18423 | D:12     | Bought a scroll of identify for 28 gold pieces
 18979 | D:12     | Found the +3 pair of gauntlets of War {Slay+5}
 19073 | D:12     | Reached skill level 10 in Short Blades
 19073 | D:12     | Reached skill level 10 in Long Blades
 19073 | D:12     | Reached skill level 10 in Maces & Flails
 19073 | D:12     | Reached skill level 10 in Polearms
 19073 | D:12     | Reached skill level 10 in Staves
 19073 | D:12     | Reached skill level 10 in Ranged Weapons
 19073 | D:12     | Reached skill level 10 in Throwing
 19073 | D:12     | Reached skill level 10 in Dodging
 19073 | D:12     | Reached skill level 10 in Stealth
 19073 | D:12     | Reached skill level 10 in Unarmed Combat
 19073 | D:12     | Reached skill level 10 in Spellcasting
 19073 | D:12     | Reached skill level 10 in Evocations
 19479 | D:13     | Reached XP level 15. HP: 91/120 MP: 29/29
 20060 | D:13     | Found a blossoming altar of Fedhas.
 20444 | D:14     | Found a gate leading to a gauntlet.
 20451 | Gauntlet | Entered a Gauntlet
 20451 | Gauntlet | Found a transporter.
 20451 | Gauntlet | Found a runed translucent door.
 20475 | Gauntlet | Found a runed translucent door.
 20479 | Gauntlet | Found a transporter.
 20481 | Gauntlet | Found a transporter.
 20492 | Gauntlet | Found a transporter.
 20495 | Gauntlet | Found a transporter.
 20506 | Gauntlet | Found a transporter.
 20522 | Gauntlet | Found a transporter.
 20533 | Gauntlet | Found a transporter.
 20545 | Gauntlet | Found a transporter.
 20565 | Gauntlet | Found a transporter.
 20565 | Gauntlet | Found a transporter.
 20567 | Gauntlet | Found a transporter.
 20569 | Gauntlet | Found a runed translucent gate.
 20569 | Gauntlet | Found a runed translucent gate.
 20569 | Gauntlet | Found a runed translucent gate.
 20601 | Gauntlet | Found a transporter.
 20711 | Gauntlet | Identified the staff of death "Xecsex" {rF+ rN+ MP+9 Dex+3}
 20853 | D:14     | Found a radiant altar of Vehumet.
 20880 | D:14     | Noticed Louise
 20907 | D:14     | Killed Louise
 21184 | D:14     | Found a gate to the Vaults.
 21719 | D:15     | Entered Level 15 of the Dungeon
 22079 | D:15     | Found a staircase to the Depths.
 22268 | D:15     | Reached XP level 16. HP: 118/129 MP: 30/30
 22442 | D:15     | Found a gateway to a bazaar.
 22448 | Bazaar   | Entered a bazaar
 22460 | Bazaar   | Found Kusyevofu's Distillery.
 22460 | Bazaar   | Found Tuddoysu's Antique Weapon Emporium.
 22494 | Bazaar   | Found Amyado's Antique Armour Shoppe.
 22494 | Bazaar   | Found Lakuph's Book Shoppe.
 22512 | Bazaar   | Bought a book of Callings for 180 gold pieces
 22524 | Bazaar   | Bought a glowing cloak for 180 gold pieces
 22556 | Bazaar   | Bought a potion of heal wounds for 70 gold pieces
 22556 | Bazaar   | Bought 2 potions of heal wounds for 140 gold pieces
 22556 | Bazaar   | Bought a potion of heal wounds for 70 gold pieces
 22556 | Bazaar   | Bought a potion of heal wounds for 70 gold pieces
 22815 | Orc:1    | Entered Level 1 of the Orcish Mines
 22844 | Orc:1    | Found Baynideu's Book Boutique.
 22862 | Orc:1    | Learned a level 1 spell: Summon Small Mammal
 22865 | Orc:1    | Learned a level 2 spell: Call Imp
 22869 | Orc:1    | Learned a level 3 spell: Call Canine Familiar
 22964 | Orc:1    | Found Xoafo's Assorted Antiques.
 22972 | Orc:1    | Bought a scroll of identify for 54 gold pieces
 22979 | Orc:1    | Found Keemaq's Antique Armour Boutique.
 23095 | Orc:2    | Entered Level 2 of the Orcish Mines
 23103 | Orc:2    | Found Sudal's Jewellery Shop.
 23253 | Orc:2    | Found a staircase to the Elven Halls.
 23438 | Orc:2    | Found Luonuemo's Distillery.
 23444 | Orc:2    | Bought a potion of heal wounds for 85 gold pieces
 23976 | Orc:2    | Found Mughupex's Antique Weapon Shoppe.
 23979 | Orc:2    | Found Fikhluopn's Antique Armour Emporium.
 25070 | Swamp:1  | Entered Level 1 of the Swamp
 25609 | Swamp:1  | Noticed a thorn hunter
 25628 | Swamp:1  | Killed a thorn hunter
 27495 | Swamp:3  | Noticed a tentacled monstrosity
 27517 | Swamp:3  | Killed a tentacled monstrosity
 27518 | Swamp:3  | Reached XP level 17. HP: 125/137 MP: 32/32
 27945 | Swamp:4  | Entered Level 4 of the Swamp
 28078 | Swamp:3  | Reached skill level 10 in Conjurations
 28078 | Swamp:3  | Reached skill level 10 in Hexes
 28078 | Swamp:3  | Reached skill level 10 in Summonings
 28078 | Swamp:3  | Reached skill level 10 in Necromancy
 28078 | Swamp:3  | Reached skill level 10 in Translocations
 28078 | Swamp:3  | Reached skill level 10 in Transmutations
 28078 | Swamp:3  | Reached skill level 10 in Fire Magic
 28078 | Swamp:3  | Reached skill level 10 in Ice Magic
 28078 | Swamp:3  | Reached skill level 10 in Air Magic
 28078 | Swamp:3  | Reached skill level 10 in Earth Magic
 28078 | Swamp:3  | Reached skill level 10 in Poison Magic
 28280 | Swamp:4  | Noticed Bai Suzhen
 28330 | Swamp:4  | Killed Bai Suzhen
 29570 | Swamp:4  | Found a basalt altar of Yredelemnul.
 29598 | Swamp:4  | Found a blossoming altar of Fedhas.
 29634 | Swamp:4  | Got a decaying rune of Zot
 29923 | Swamp:4  | Noticed Roxanne
 29955 | Swamp:4  | Killed Roxanne
 30369 | Spider:1 | Entered Level 1 of the Spider Nest
 30945 | Spider:1 | Identified the +0 robe of Zownelu {Drain rF+ Str+8 Slay+2}
 31205 | Spider:1 | Reached XP level 18. HP: 64/146 MP: 34/34
 32019 | Spider:1 | Learned a level 5 spell: Yara's Violent Unravelling
 32065 | Spider:2 | Identified the +3 chain mail "Qeiwae Neum" {Dex+5 Stlth+}
 33737 | Spider:4 | Entered Level 4 of the Spider Nest
 34047 | Spider:4 | Got the Almanac of Twisted Accelerants
 35056 | Spider:4 | Got a gossamer rune of Zot
 35336 | Depths:1 | Entered Level 1 of the Depths
 35361 | Depths:1 | Reached XP level 19. HP: 105/153 MP: 36/36
 35577 | Depths:1 | Found a one-way gateway to a ziggurat.
 35578 | Depths:1 | Paralysed by a floating eye for 2 turns
 35834 | Depths:1 | Found a gateway to Hell.
 35839 | Depths:1 | Identified the staff of poison "Vorchumo" {rPois Will+}
 35875 | Depths:1 | Paralysed by a floating eye for 2 turns
 35885 | Depths:1 | Paralysed by a floating eye for 3 turns
 35890 | Depths:1 | Found Gozag's Platinum Reserve.
 35989 | Depths:1 | HP: 3/153 [spriggan air mage/the air (23)]
 36798 | Depths:1 | Found an opulent altar of Gozag.
 37040 | Depths:1 | Found a stormy altar of Qazlal.
 37075 | Depths:1 | HP: 6/154 [stone giant (17)]
 37494 | Depths:1 | Noticed a tentacled monstrosity
 37511 | Depths:1 | Killed a tentacled monstrosity
 37526 | Depths:1 | HP: 5/154 [fire giant/bolt of fire (21)]
 37576 | Depths:1 | HP: 7/154 [red ugly thing (6)]
 37867 | Depths:1 | Identified the +1 spear of Evof {flame, rF- Will- Int+6
                  | Dex+4}
 37873 | Depths:1 | Reached skill level 15 in Fighting
 37873 | Depths:1 | Reached skill level 15 in Armour
 37873 | Depths:1 | Reached skill level 15 in Shields
 38573 | Depths:1 | Paralysed by a floating eye for 2 turns
 38578 | Depths:1 | Paralysed by a floating eye for 2 turns
 38637 | Depths:1 | Paralysed by a floating eye for 4 turns
 38645 | Depths:1 | Paralysed by a floating eye for 3 turns
 38697 | Depths:1 | Found a one-way gate leading to the halls of Pandemonium.
 39083 | Depths:2 | Found a shadowy altar of Dithmenos.
 39402 | Depths:2 | Noticed an ancient lich
 39494 | Depths:2 | HP: 2/128 [something/crystal spear (33)]
 39496 | Depths:2 | Killed from afar by an ancient lich

Illustrated notes

Levels and vault maps discovered:
D:1:      psy_arrival_basics, layout_basic, kennysheep_pointless_box,
          minmay_misc_feat_encased, nicolae_kite_square_tiling_tiny
D:2:      minmay_alternating_diamond, layout_basic, serial_forest,
          infiniplex_forest_lined_3, infiniplex_forest_end_1,
          infiniplex_forest_corner_1, infiniplex_forest_clump_tiny,
          infiniplex_forest_lined_room_2, infiniplex_forest_clump_small,
          serial_bayou_pond_b
D:3:      layout_loops_ring, serial_shops, shop
D:4:      old_forge, layout_cave_pools, minitemple,
          minmay_temple_entry_drinking_statues
D:5:      cheibrodos_barr_body, layout_basic
D:6:      layout_basic, uniq_edmund
D:7:      layout_rooms, solitary_fountain, minivault_1, minivault_23
D:8:      gammafunk_indiana_jones, layout_basic,
          gammafunk_temple_overflow_forgotten, uniq_maggie
D:9:      layout_rooms, kennysheep_ying_yang, nzn_wu_jian_contemplation,
          grunt_lair_entry_orc_guard_hut
D:10:     layout_roguey, serial_curves, eino_curves_02, eino_curves_02,
          roderic_batcave
D:11:     layout_cave_pools, erik_orc_2, uniq_urug
D:12:     layout_loops_corners, serial_rivers, chequers_serial_rivers_micro_d,
          chequers_serial_rivers_small_3, chequers_serial_rivers_small_b,
          chequers_serial_rivers_large_b, serial_shops, shop,
          nicolae_stop_n_shop_2, shop, shop, drop_trap, kennysheep_island_fort,
          uniq_nessos
D:13:     layout_cave_pools, fedhas_altar_fruit_tree
D:14:     layout_gridville, lightli_vaults_fourway_checkpoint,
          minmay_crystal_room, gauntlet_entry_generic, vehumet_crystals,
          uniq_louise
D:15:     grunt_enter_depths_magical_seal, layout_basic, serial_shops,
          bzr_entry_safe, amcnicky_mini_rare_corridor_liquid
Temple:   oiseaux_autumnal_temple
Lair:1:   layout_regular_city, basic_altar, chequers_serial_rivers_micro_c
Lair:2:   layout_gridlike, grunt_forest_small_clearings, grunt_megastairs_4
Lair:3:   layout_cave_pods, nicolae_swamp_entry_splash_gauntlet,
          spider_nest_entry_rubble, pond, infiniplex_staircase_pool_2,
          lemuel_fruit_tree
Lair:4:   layout_gridlike, nicolae_slime_entry_slimehenge,
          chequers_serial_rivers_room_a, beast_lair_carwin_8
Lair:5:   evilmike_catoblepas_cave, layout_gridlike, minivault_19,
          serial_bayou_shore_a
Swamp:1:  layout_falls_marsh, evilmike_swamp_ruin_house_5,
          nicolae_swamp_big_swirl
Swamp:2:  layout_basic_swamp, portal_ice_cave_entry_pillars_four,
          hangedman_swamp_cone, ldierk_geyser, swamp_pool4
Swamp:3:  cheibrodos_swamp_monstrosity, layout_falls_marsh, serial_swamp_ruin,
          evilmike_swamp_ruin_house_2, evilmike_swamp_ruin_house_1, swamp_pool2,
          st_swamp_ruins_1
Swamp:4:  byrel_swamp_growth_death_and_undeath, layout_basic_swamp,
          uniq_bai_suzhen, uniq_roxanne
Spider:1: layout_spider_delve, hellmonk_motheaten_closet
Spider:2: layout_spider_delve, nicolae_spider_baby_got_redback
Spider:3: layout_spider_delve
Spider:4: hellmonk_spider_rune_bug_friends
Orc:1:    nicolae_orc_accident_2, layout_caves, serial_shops, shop,
          nicolae_shop_stone, shop_statue, basic_altar
Orc:2:    grunt_orc_community_town_hall, layout_diamond_mine,
          grunt_orc_community_big_house_2, grunt_orc_community_big_house_1,
          grunt_orc_community_house_3, grunt_orc_community_house_2,
          grunt_orc_community_house_2, grunt_orc_community_house_3,
          grunt_orc_community_house_2, grunt_orc_community_house_2, basic_altar,
          minmay_orc_barracks
Depths:1: nicolae_hexawheel, layout_long_grid, enter_ziggurat_c,
          lightli_too_deep, rand_demon_pan_entry_5,
          nicolae_gozag_zags_fifth_avenue, dk_noncrumbling_2,
          grunt_qazlal_sundering
Depths:2: minmay_the_grid_triangle_9x9_rhombus_thin_mashed
          [minmay_the_grid_triangle_9x9_flanged_cone,
          minmay_the_grid_triangle_9x9_prize_center,
          minmay_the_grid_triangle_9x9_from_above,
          minmay_the_grid_triangle_9x9_alien], layout_gridlike,
          grunt_hell_entry_dis_old, special_room [special_room_morgue],
          grunt_pan_entry_in_and_out, nicolae_dithmenos_shadow_blocks,
          nicolae_uskayaw_dance_hall

Skill      XL: |  1  2  3  4  5  6  7  8  9 10 11 12 13 14 15 16 17 18 19 |
---------------+----------------------------------------------------------+-----
Invocations    | 1 2 3 4 5 6 7 8 9 10 11 12 13 14 | 14.9
Short Blades   | 1 2 3 4 5 6 7 8 9 10 11 12 13 | 13.8
Long Blades    | 1 2 3 4 5 6 7 8 9 10 11 12 13 | 13.8
Maces & Flails | 1 2 3 4 5 6 7 8 9 10 11 12 13 | 13.8
Polearms       | 1 2 3 4 5 6 7 8 9 10 11 12 13 | 13.8
Staves         | 1 2 3 4 5 6 7 8 9 10 11 12 13 | 13.8
Ranged Weapons | 1 2 3 4 5 6 7 8 9 10 11 12 13 | 13.8
Throwing       | 1 2 3 4 5 6 7 8 9 10 11 12 13 | 13.8
Dodging        | 1 2 3 4 5 6 7 8 9 10 11 12 13 | 13.8
Stealth        | 1 2 3 4 5 6 7 8 9 10 11 12 13 | 13.8
Unarmed Combat | 1 2 3 4 5 6 7 8 9 10 11 12 13 | 13.8
Spellcasting   | 1 2 3 4 5 6 7 8 9 10 11 12 13 | 13.8
Evocations     | 1 2 3 4 5 6 7 8 9 10 11 12 13 | 13.8
Conjurations   | 1 2 3 4 5 6 7 8 9 10 11 | 11.7
Hexes          | 1 2 3 4 5 6 7 8 9 10 11 | 11.7
Summonings     | 1 2 3 4 5 6 7 8 9 10 11 | 11.7
Necromancy     | 1 2 3 4 5 6 7 8 9 10 11 | 11.7
Translocations | 1 2 3 4 5 6 7 8 9 10 11 | 11.7
Transmutations | 1 2 3 4 5 6 7 8 9 10 11 | 11.7
Fire Magic     | 1 2 3 4 5 6 7 8 9 10 11 | 11.7
Ice Magic      | 1 2 3 4 5 6 7 8 9 10 11 | 11.7
Air Magic      | 1 2 3 4 5 6 7 8 9 10 11 | 11.7
Earth Magic    | 1 2 3 4 5 6 7 8 9 10 11 | 11.7
Poison Magic   | 1 2 3 4 5 6 7 8 9 10 11 | 11.7
Axes           | 5 6 7 8 9 10 11 12 13 14 | 14.4
Fighting       | 7 8 9 10 11 12 13 14 15 | 15.1
Armour         | 7 8 9 10 11 12 13 14 15 | 15.1
Shields        | 7 8 9 10 11 12 13 14 15 | 15.1

Action                     |  1- 3 |  4- 6 |  7- 9 | 10-12 | 13-15 | 16-18 | 19-21 || total
---------------------------+-------+-------+-------+-------+-------+-------+-------++-------
  Melee: War axe           |    84 |   186 |    93 |       |    34 |       |       ||   397
         Bite              |     8 |    18 |    21 |    57 |   117 |   227 |    75 ||   523
         Double sword      |       |       |   135 |   365 |   712 |   511 |   312 ||  2035
         Demon whip        |       |       |       |       |    23 |   222 |    23 ||   268
         Punch             |       |       |       |       |     1 |       |       ||     1
         Broad axe         |       |       |       |       |       |   608 |    10 ||   618
   Fire: Sling             |       |       |       |       |    12 |       |       ||    12
  Throw: Javelin           |       |       |       |       |     4 |     5 |     1 ||    10
   Cast: Slow              |       |       |       |       |     2 |       |       ||     2
         Call Canine Famil |       |       |       |       |       |     1 |     2 ||     3
         Confusing Touch   |       |       |       |       |       |    20 |    11 ||    31
 Invoke: Upheaval          |       |       |       |       |       |       |     2 ||     2
    Use: Scroll            |       |       |       |    12 |    18 |    16 |     2 ||    48
         Potion            |       |       |       |     2 |     5 |     9 |     8 ||    24
   Stab: Petrified         |       |       |       |       |     1 |       |       ||     1
         Confused          |       |       |       |       |       |    17 |     5 ||    22
 Armour: Scale mail        |    49 |    75 |    54 |       |       |       |       ||   178
         Chain mail        |       |       |    44 |   159 |   505 |    52 |       ||   760
         Swamp dragon scal |       |       |       |       |       |   701 |   133 ||   834
         Plate armour      |       |       |       |       |       |     5 |       ||     5
  Dodge: Dodged            |    50 |    97 |   114 |   123 |   345 |   708 |   126 ||  1563
         Repelled          |       |     1 |     2 |     1 |    13 |    20 |     9 ||    46
  Block: Buckler           |    28 |    44 |   109 |   203 |   321 |       |       ||   705
         Kite shield       |       |       |       |       |   407 |  1889 |   345 ||  2641
         Other             |       |       |       |       |     2 |       |       ||     2
         Tower shield      |       |       |       |       |   192 |       |       ||   192
